 Dungeon Crawl Stone Soup version 0.19-a0-1201-gda63bca (webtiles) character file.

101668 nubinia the Impaler (level 16, -5/117 HPs)
             Began as a Merfolk Monk on Aug 19, 2016.
             Was the Champion of the Shining One.
             Slain by a merfolk impaler
             ... wielding a +3 trident of freezing
              (9 damage)
             ... on level 3 of the Shoals on Aug 20, 2016.
             The game lasted 02:48:12 (27513 turns).

nubinia the Impaler (Merfolk Monk)                 Turns: 27513, Time: 02:48:14

Health: -5/117     AC: 10    Str: 22    XL:     16   Next: 31%
Magic:  25/25      EV: 16    Int:  8    God:    the Shining One [******]
Gold:   968        SH:  0    Dex: 16    Spells: 0 memorised, 15 levels left

rFire  + . .     SeeInvis .     a - +9 spear (freeze)
rCold  . . .     Gourm    .     A - +1 leather armour of Zaifisif {rPois MR+++ Int-2 Dex-2}
rNeg   + + +     Faith    .     u - +0 buckler
rPois  +         Spirit   .     R - +2 hat
rElec  .         Dismiss  .     H - +2 cloak
rCorr  .         Reflect  .     (no gloves)
MR     ++++.     Harm     .     (boots currently unavailable)
Stlth  ++........               D - amulet of regeneration
                                n - +2 ring of strength
                                r - +4 ring of strength

@: held, glowing, very quick
A: change form in water, swift swim, fangs 1, horns 1, fire resistance 1, frail
1
a: Divine Shield, Cleansing Flame, Summon Divine Warrior, Renounce Religion


You were on level 3 of the Shoals.
You worshipped the Shining One.
The Shining One was exalted by your worship.
You were not hungry.

You visited 5 branches of the dungeon, and saw 23 of its levels.
You also visited: Labyrinth.

You collected 1833 gold pieces.
You spent 865 gold pieces at shops.

Inventory:

Hand Weapons
 a - a +9 spear of freezing (weapon)
 b - the +9 hunting sling of Beogh's Esteem {flame, MR++ Dex-5}
   (You bought it in a shop on level 2 of the Orcish Mines)

   It causes projectiles fired from it to burn those they strike, causing extra
   injury to most foes and up to half again as much damage against particularly
   susceptible opponents.
   It affects your dexterity (-5).
   It affects your resistance to hostile enchantments.
 h - a +8 spear of holy wrath
 i - the +3 spear of Light {pierce, rElec Dex+5}
   (You bought it in a shop on level 2 of the Orcish Mines)

   It inflicts extra damage upon your enemies.
   It affects your dexterity (+5).
   It insulates you from electricity.
 E - a +2 trident of protection
Missiles
 m - 561 stones (quivered)
 w - 121 sling bullets
Armour
 u - a +0 buckler (worn)
 A - the +1 leather armour of Zaifisif (worn) {rPois MR+++ Int-2 Dex-2}
   (You found it on level 9 of the Dungeon)

   It affects your intelligence (-2).
   It affects your dexterity (-2).
   It protects you from poison.
   It affects your resistance to hostile enchantments.
 H - a +2 cloak (worn)
 I - a +3 scale mail of poison resistance
 K - the +0 ring mail of Zecweim {rC+ Str+4 Int+3}
   (You found it on level 11 of the Dungeon)

   It affects your strength (+4).
   It affects your intelligence (+3).
   It protects you from cold.
 R - a +2 hat (worn)
 W - the +0 cloak "Libik" {Dex+3}
   (You found it in a labyrinth)

   It affects your dexterity (+3).
Rods
 c - a +3 rod of shadows (14/14)
   (You found it in a labyrinth)
Jewellery
 n - a +2 ring of strength (right hand)
 q - an uncursed ring of fire
 r - a +4 ring of strength (left hand)
 B - an uncursed ring of poison resistance
 D - an amulet of regeneration (around neck)
 Q - an uncursed ring of protection from cold
Wands
 y - a wand of iceblast (3/15)
 J - a wand of hasting (2/9)
 L - a wand of acid (5/15)
 N - a wand of disintegration (10/24)
 O - a wand of disintegration (13/24)
 P - a wand of teleportation (3/9)
 S - a wand of teleportation (2/9)
 T - a wand of lightning (10/15)
Scrolls
 o - 2 scrolls of teleportation
 p - 6 scrolls of remove curse
 s - a scroll of magic mapping
 x - 3 scrolls of fog
 C - 3 scrolls of recharging
 U - a scroll of enchant armour
Potions
 d - 3 potions of flight
 e - 3 potions of heal wounds
 f - a potion of cancellation
 j - 8 potions of curing
 k - a potion of resistance
 l - 2 potions of haste
 v - 2 potions of might
 M - 3 potions of brilliance
 V - a potion of agility
 Z - 2 potions of berserk rage
Miscellaneous
 g - a lamp of fire (inert)
 F - a fan of gales
 G - a phial of floods
 X - a phantom mirror
Comestibles
 t - 15 slices of pizza


   Skills:
 + Level 13.5 Fighting
 + Level 19.5 Polearms
 + Level 0.8 Slings
 + Level 6.1 Armour
 + Level 17.4 Dodging
 + Level 6.9 Stealth
 + Level 8.2 Shields
 * Level 12.0 Invocations
 + Level 0.2 Evocations


You had 15 spell levels left.
You didn't know any spells.

Dungeon Overview and Level Annotations

Branches:
Dungeon (11/15)            Temple (1/1) D:5            Lair (6/6) D:11
 Shoals (3/4) Lair:2       Spider (0/4) Lair:4        Slime (0/5) Lair:6
    Orc (2/2) D:10            Elf (0/3) Orc:2

Altars:
Ashenzari
Cheibriados
Dithmenos
Elyvilon
Fedhas
Gozag
Hepliaklqana
Kikubaaqudgha
Makhleb
Nemelex Xobeh
Okawaru
Qazlal
Ru
Sif Muna
Trog
Uskayaw
Vehumet
Xom
Yredelemnul
Zin
The Shining One
Beogh
Jiyva

Shops:
D:6 %:   D:11 :   Orc:2 (:!(

Annotations:
D:10 Gastronok


Innate Abilities, Weirdness & Mutations

You revert to your normal form in water.
You are very nimble and swift while swimming.
You have very sharp teeth.
You have a pair of small horns on your head.
Your flesh is heat resistant. (rF+)
You are frail. (-10% HP)


Message History

You hear a splash. x3
The merfolk hits you from afar with a trident.
The merfolk impaler hits you from afar with a trident of freezing!
The merfolk impaler freezes you.
The merfolk throws a steel tomahawk.
The steel tomahawk hits you!!
* * * LOW HITPOINT WARNING * * *
You see here a steel tomahawk.
Your legs become a tail as you enter the water.
Your legs become a tail as you enter the water.
The merfolk throws a throwing net.
The throwing net hits you.
You become entangled in the net!
You hear a splash.
You see here a throwing net.
You struggle against the net.
The merfolk impaler hits you from afar with a trident of freezing!
* * * LOW HITPOINT WARNING * * *
The merfolk impaler freezes you.
* * * LOW HITPOINT WARNING * * *
The merfolk impaler hits you from afar with a trident of freezing!
You die...

≈≈≈≈≈≈≈≈≈≈≈≈≈≈≈≈≈≈
≈≈≈≈≈≈≈≈≈≈≈≈≈≈≈≈≈≈≈≈
≈≈≈≈≈≈≈≈≈≈≈≈≈≈≈≈≈≈≈ ...≈≈
≈≈≈≈≈≈≈≈≈≈≈≈≈≈≈≈≈≈≈
....≈.≈≈≈≈≈≈≈≈≈≈≈≈≈≈≈≈≈≈≈
#......≈≈≈≈≈≈.≈≈.≈≈≈≈≈≈≈ ##
#.≈≈.##.≈≈≈≈≈.....≈≈≈≈≈≈
..###≈≈≈.#.<≈≈≈≈..###..≈≈≈≈≈
......≈≈≈≈≈@≈≈≈≈..# #..≈≈≈≈≈
.....≈≈≈≈≈≈≈≈≈...###.≈≈≈≈≈≈ ≈
.....≈≈≈≈≈m≈≈≈≈.≈...≈≈≈≈≈≈≈
≈≈≈ ##..≈≈m.≈≈≈≈≈≈≈≈≈≈≈≈≈≈≈≈≈
≈≈≈.###.≈≈.m.≈(≈..≈≈≈≈≈≈≈≈≈≈≈≈
≈≈≈≈...≈≈(.≈≈m(≈≈.≈≈≈≈≈≈≈≈≈≈≈≈
≈≈....†)(..≈((c≈≈≈≈≈≈≈≈≈≈≈≈≈≈≈
≈..#..)..(.m.≈≈≈≈≈≈≈≈≈≈≈≈≈≈≈≈≈
###≈)≈.((.≈≈≈≈≈≈≈≈≈≈≈≈.....


You could see a merfolk impaler, 4 merfolk and a faun.

Vanquished Creatures
  Donald (Shoals:1)
  A dire elephant (Lair:6)
  Snorg (D:10)
  A minotaur (Lab)
  4 merfolk impalers
  The ghost of Aquadorian the Grappler, a journeyman TrFi of Okawaru (D:11)
  Erolcha (Orc:2)
  7 hydras
  3 merfolk avatars
  A catoblepas (Lair:5)
  Erica (D:8)
  A satyr (Shoals:3)
  A merfolk aquamancer (Shoals:2)
  11 death yaks
  7 orc high priests (Orc:2)
  Urug (Orc:1)
  Sonja (D:11)
  Nergalle (D:10)
  2 hill giants (D:10)
  8 sea snakes
  An orc knight (Orc:2)
  14 harpies
  2 orc sorcerers (Orc:1)
  An ugly thing (D:11)
  9 fauns
  12 griffons
  10 sirens
  6 manticores
  2 elephants
  2 black mambas
  Maurice (D:8)
  11 spiny frogs
  10 komodo dragons
  2 rime drakes
  A queen bee (Lair:3)
  A jumping spider (Lair:3)
  14 merfolk
  5 trolls
  3 minotaur zombies (Lab)
  3 polar bears
  2 wind drakes
  2 two-headed ogres (D:9)
  Prince Ribbit (D:6)
  14 blink frogs
  5 snapping turtles
  40 yaks
  2 shadows (D:11)
  5 wyverns
  6 water elementals
  A human (D:7)
  10 hippogriffs
  A hog (D:7)
  A steam dragon (Lair:3)
  Grum (D:10)
  4 hungry ghosts
  Menkaure (D:5)
  15 water moccasins
  8 wargs
  3 ice beasts
  11 porcupines
  4 phantoms
  17 orc warriors
  A black bear (D:9)
  3 wasps (Lair:6)
  4 ogres
  2 eyes of draining
  A necrophage (D:6)
  22 wolves
  11 centaurs
  8 crocodiles
  2 big kobolds
  12 giant frogs
  6 scorpions
  A troll zombie (D:10)
  25 killer bees (Lair:3)
  10 wights (D:8)
  An electric eel (Lair:4)
  5 crimson imps
  8 howler monkeys
  A quasit (D:11)
  2 centaur skeletons
  A jelly (D:9)
  14 orc wizards
  33 orc priests
  3 giant frog skeletons
  A hound (D:9)
  9 iguanas
  Natasha (thrice) (D:2 D:3)
  3 worker ants
  10 sheep
  A killer bee zombie (D:8)
  5 ogre zombies (D:10)
  2 hound skeletons (D:6)
  2 howler monkey zombies
  A worker ant zombie (D:5)
  15 gnolls
  A howler monkey skeleton (D:4)
  13 adders
  19 river rats (Lair:3)
  2 shadow imps
  An ooze (D:2)
  An adder zombie (D:9)
  An adder skeleton (D:4)
  2 worms
  A dart slug (D:4)
  6 giant geckos
  63 orcs
  7 giant cockroaches
  4 goblins
  6 hobgoblins
  12 jackals
  12 kobolds
  3 quokkas
  3 ball pythons
  5 bats
  A giant gecko zombie (D:7)
  8 giant newts
  A goblin skeleton (D:10)
  3 goblin zombies (D:10)
  2 hobgoblin zombies (D:10)
  2 orc skeletons (D:10)
  11 orc zombies (D:10)
  5 rats
742 creatures vanquished.

Vanquished Creatures (collateral kills)
  A merfolk avatar (Shoals:1)
  A merfolk (Shoals:1)
2 creatures vanquished.

Vanquished Creatures (others)
  A bush (Lair:6)
  10 fungi
  20 plants
31 creatures vanquished.

Grand Total: 775 creatures vanquished

Notes
Turn   | Place    | Note
-------+----------+-------------------------------------------
     0 | D:1      | nubinia the Merfolk Monk began the quest for the Orb.
     0 | D:1      | Reached XP level 1. HP: 18/18 MP: 1/1
   221 | D:1      | Reached XP level 2. HP: 24/24 MP: 2/2
   331 | D:1      | Gained mutation: You have a pair of small horns on your head. [potion of mutation]
   331 | D:1      | Gained mutation: You are frail. (-10% HP) [potion of mutation]
   331 | D:1      | Gained mutation: You have very sharp teeth. [potion of mutation]
   916 | D:2      | Noticed Natasha
   926 | D:2      | Noticed a crimson imp
   933 | D:2      | Noticed a crimson imp
  1268 | D:2      | Reached XP level 3. HP: 21/26 MP: 3/3
  1474 | D:2      | Reached skill level 5 in Polearms
  1850 | D:2      | Reached XP level 4. HP: 27/33 MP: 4/4
  2062 | D:2      | Found a glowing golden altar of the Shining One.
  2069 | D:2      | Became a worshipper of the Shining One
  2069 | D:2      | Reached * piety under the Shining One
  2069 | D:2      | Reached ** piety under the Shining One
  2159 | D:2      | Killed Natasha
  2159 | D:2      | Reached skill level 5 in Dodging
  2391 | D:2      | Reached XP level 5. HP: 10/37 MP: 5/5
  2956 | D:3      | Noticed Natasha
  2968 | D:3      | Killed Natasha
  3003 | D:3      | Noticed Natasha
  3163 | D:3      | Killed Natasha
  3163 | D:3      | Reached skill level 6 in Polearms
  3535 | D:4      | Noticed an ogre
  3547 | D:4      | Killed an ogre
  3547 | D:4      | Reached XP level 6. HP: 19/44 MP: 6/6
  3763 | D:4      | Found a shattered altar of Ashenzari.
  4418 | D:4      | Noticed a phantom
  4446 | D:4      | Killed a phantom
  4446 | D:4      | Reached skill level 7 in Polearms
  4446 | D:4      | Reached XP level 7. HP: 35/49 MP: 7/7
  4617 | D:5      | Entered Level 5 of the Dungeon
  4620 | D:5      | Found a staircase to the Ecumenical Temple.
  4671 | Temple   | Entered the Ecumenical Temple
  5269 | D:5      | Noticed Menkaure
  5284 | D:5      | Killed Menkaure
  5284 | D:5      | Reached skill level 5 in Fighting
  5284 | D:5      | Reached skill level 1 in Shields
  5591 | D:5      | Reached XP level 8. HP: 20/55 MP: 8/8
  6041 | D:5      | Found a deep blue altar of Sif Muna.
  6148 | D:6      | Found Soxkyn's Book Shoppe.
  6171 | D:6      | Reached skill level 8 in Polearms
  6308 | D:6      | Gained mutation: Your flesh is heat resistant. (rF+) [potion of beneficial mutation]
  6523 | D:6      | Found Ozoid's Food Emporium.
  6533 | D:6      | Noticed Prince Ribbit
  6708 | D:6      | Killed Prince Ribbit
  6942 | D:6      | Reached *** piety under the Shining One
  7248 | D:6      | Found a burning altar of Makhleb.
  7268 | D:6      | Reached skill level 9 in Polearms
  7617 | D:6      | Reached XP level 9. HP: 53/63 MP: 9/9
  7648 | D:6      | Found a shimmering altar of Xom.
  7945 | D:7      | Reached skill level 5 in Stealth
  8004 | D:7      | Reached skill level 10 in Polearms
  8004 | D:7      | Reached skill level 10 in Dodging
  8125 | D:7      | Found a hazy altar of Hepliaklqana.
  8519 | D:8      | Noticed Maurice
  8541 | D:8      | Killed Maurice
  8619 | D:8      | Got a crystal short sword
  8620 | D:8      | Identified the +4 short sword of Ynir {pierce, Fragile Str+8} (You found it on level 8 of the Dungeon)
  8797 | D:8      | Found a sparkling altar of Nemelex Xobeh.
  8815 | D:8      | Reached skill level 11 in Polearms
  8822 | D:8      | Reached **** piety under the Shining One
  8942 | D:8      | Reached XP level 10. HP: 57/72 MP: 10/10
  9500 | D:9      | Reached skill level 12 in Polearms
  9585 | D:9      | Reached skill level 1 in Invocations
 10223 | D:9      | Got a jasper-encrusted leather armour
 10234 | D:9      | Identified the +1 leather armour of Zaifisif {rPois MR+++ Int-2 Dex-2} (You found it on level 9 of the Dungeon)
 10278 | D:9      | Noticed Erica
 10714 | D:10     | Entered Level 10 of the Dungeon
 10714 | D:10     | Noticed a hill giant
 10732 | D:10     | Killed a hill giant
 10821 | D:10     | Reached ***** piety under the Shining One
 10842 | D:10     | Found a staircase to the Orcish Mines.
 10893 | D:10     | Reached skill level 1 in Armour
 10915 | D:10     | Reached skill level 13 in Polearms
 10978 | D:10     | Noticed Grum
 10982 | D:10     | Reached XP level 11. HP: 73/80 MP: 13/13
 10999 | D:10     | Killed Grum
 11013 | D:10     | Noticed a hill giant
 11015 | D:10     | Noticed Nergalle
 11037 | D:10     | Noticed Snorg
 11419 | D:10     | Noticed Gastronok
 11575 | D:11     | Noticed Sonja
 11597 | D:11     | Killed Sonja
 11782 | D:10     | Killed a hill giant
 11888 | Orc:1    | Entered Level 1 of the Orcish Mines
 11977 | Orc:1    | Noticed Urug
 12422 | D:11     | Found Qyssame's Book Boutique.
 12425 | D:11     | Reached ****** piety under the Shining One
 12554 | D:11     | Noticed a white ugly thing
 12568 | D:11     | Killed a white ugly thing
 12584 | D:11     | Got a jewelled ring mail
 12595 | D:11     | Identified the +0 ring mail of Zecweim {rC+ Str+4 Int+3} (You found it on level 11 of the Dungeon)
 12854 | D:11     | Identified a +3 spear of holy wrath (a +1 spear blessed by the Shining One)
 12854 | D:11     | Received a gift from the Shining One
 12939 | D:11     | Noticed Aquadorian's ghost (journeyman TrFi)
 12954 | D:11     | Killed Aquadorian's ghost
 12954 | D:11     | Reached skill level 14 in Polearms
 13143 | D:10     | Killed Snorg
 13143 | D:10     | Reached skill level 5 in Invocations
 13379 | D:11     | Found a staircase to the Lair.
 13404 | Lair:1   | Entered Level 1 of the Lair of Beasts
 13508 | Lair:1   | Reached XP level 12. HP: 76/87 MP: 16/16
 14230 | Lair:2   | Found a staircase to the Shoals.
 14264 | Lair:2   | Reached skill level 5 in Shields
 14294 | Lair:2   | Noticed a five-headed hydra
 14304 | Lair:2   | Killed a five-headed hydra
 14378 | Lair:2   | Found a labyrinth entrance.
 14387 | Lab      | Entered a labyrinth
 14945 | Lab      | Noticed a minotaur
 14965 | Lab      | Killed a minotaur
 14982 | Lab      | Identified the Volume of Gliding Good Luck
 14984 | Lab      | Got a shimmering cloak
 14997 | Lab      | Identified the cursed +0 cloak "Libik" {Dex+3} (You found it in a labyrinth)
 14998 | Lab      | Identified a +3 rod of shadows (14/14) (You found it in a labyrinth)
 15029 | Lab      | Reached skill level 10 in Fighting
 15230 | Lair:2   | Noticed a seven-headed hydra
 15240 | Lair:2   | Killed a seven-headed hydra
 15248 | Lair:2   | Reached skill level 15 in Polearms
 16206 | Lair:3   | Reached XP level 13. HP: 93/93 MP: 18/18
 16464 | Lair:3   | Reached skill level 16 in Polearms
 17704 | Lair:4   | Reached skill level 5 in Armour
 17950 | Lair:4   | Found a hole to the Spider Nest.
 18081 | Lair:4   | Got a faintly glowing halberd
 18087 | Lair:4   | Identified the +4 halberd "Koteaq" {flame, Str+3} (You found it on level 4 of the Lair of Beasts)
 18532 | Lair:5   | Reached XP level 14. HP: 99/101 MP: 20/20
 18895 | Lair:6   | Entered Level 6 of the Lair of Beasts
 18895 | Lair:6   | Found a viscous altar of Jiyva.
 18895 | Lair:6   | Found a staircase to the Slime Pits.
 18907 | Lair:6   | Reached skill level 15 in Dodging
 18943 | Lair:6   | Reached skill level 17 in Polearms
 19281 | Lair:6   | Noticed a dire elephant
 19736 | Lair:6   | Reached skill level 10 in Invocations
 19909 | Lair:6   | Upgraded the game from 0.19-a0-1193-g2641e52 to 0.19-a0-1201-gda63bca
 20224 | Lair:6   | Killed a dire elephant
 20615 | Shoals:1 | Entered Level 1 of the Shoals
 20630 | Lair:2   | Reached skill level 18 in Polearms
 20652 | Shoals:1 | Reached XP level 15. HP: 58/109 MP: 22/22
 22495 | Orc:1    | Killed Urug
 22766 | Orc:1    | Paralysed by an orc sorcerer for 5 turns
 22816 | Orc:1    | Found a roughly hewn altar of Beogh.
 23054 | Orc:2    | Entered Level 2 of the Orcish Mines
 23384 | Orc:2    | Noticed Erolcha
 23393 | Orc:2    | Killed Erolcha
 23477 | Orc:2    | Found Tuwkapn's Distillery.
 23478 | Orc:2    | Found Nolytum's Antique Weapon Shoppe.
 23583 | Orc:2    | Bought a shimmering spear for 264 gold pieces
 23583 | Orc:2    | Identified the cursed +3 spear of Light {pierce, rElec Dex+5} (You bought it in a shop on level 2 of the Orcish Mines)
 23603 | Orc:2    | Found a roughly hewn altar of Beogh.
 23634 | Orc:2    | Reached skill level 19 in Polearms
 23702 | Orc:2    | Found Cuschuse's Book Shoppe.
 23702 | Orc:2    | Found Poatyty's Antique Weapon Shop.
 23720 | Orc:2    | Found a staircase to the Elven Halls.
 23726 | Orc:2    | Bought a faintly glowing halberd for 225 gold pieces
 23732 | Orc:2    | Identified the +2 halberd "Wiech" {flame, Stlth+} (You bought it in a shop on level 2 of the Orcish Mines)
 24152 | Orc:2    | Bought a fine hunting sling for 162 gold pieces
 24152 | Orc:2    | Identified the +8 hunting sling of Tender Mercy {venom, *Corrode rElec rN+ Int+4} (You bought it in a shop on level 2 of the Orcish Mines)
 24185 | Orc:2    | Bought a polished hunting sling for 214 gold pieces
 24185 | Orc:2    | Identified the +9 hunting sling of Beogh's Esteem {flame, MR++ Dex-5} (You bought it in a shop on level 2 of the Orcish Mines)
 24248 | D:10     | Killed Nergalle
 24356 | D:8      | Killed Erica
 26005 | Shoals:2 | Reached XP level 16. HP: 105/117 MP: 24/24
 26074 | Shoals:2 | Noticed Donald
 26131 | Shoals:1 | Killed Donald
 27513 | Shoals:3 | HP: 4/117 [merfolk impaler/trident of freezing (6)]
 27513 | Shoals:3 | Slain by a merfolk impaler

Vault maps used:
D:1:      evilmike_arrival_come_back, minmay_misc_feat_ornament
D:2:      overflow_temple_1_default, minmay_crystal_water,
          kennysheep_generic_room_5, uniq_natasha
D:4:      evilmike_ruin_ashenzari, serial_bayou_ford_a
D:5:      lemuel_blue_sif_altar, first_bread, uniq_menkaure
D:6:      lemuel_coloured_pillars_altar, makhleb_blood_cavern_becter,
          serial_shops, shop, nicolae_shop_behind_doors, uniq_prince_ribbit1
D:7:      old_standard_altar, grunt_livestock, minmay_misc_feat_five
D:8:      nemelex_xobeh_ov_fountains_minmay, uniq_maurice
D:9:      uniq_erica
D:10:     zombieorc1_lemuel, minmay_misc_feat_pillars, uniq_gastronok,
          uniq_grum, uniq_snorg, uniq_nergalle
D:11:     david_lair_shrubbed, serial_shops, shop, uniq_sonja
Temple:   dpeg_chambers_temple
Lair:1:   serial_bayou_pond_e, bh_autumn_forest_stairs
Lair:2:   minmay_shoals_entry_beasts, lab_entry_generic, serial_bayou_shore_b,
          serial_bayou_shore_b
Lair:3:   special_room, lemuel_fruit_fields, lemuel_fruit_tree,
          grunt_megastairs_1
Lair:4:   spider_nest_entry_rubble, minivault_27, serial_bayou_shore_a
Lair:5:   serial_bayou_pond_a
Lair:6:   gammafunk_lair_ancient_temple, slime_altar_1,
          infiniplex_staircase_pool_2
Shoals:1: nicolae_shoals_flooded_hall
Shoals:2: uniq_donald
Orc:1:    nicolae_orc_accident_2, uniq_urug
Orc:2:    st_orc_town, uniq_erolcha
Lab:      labyrinth_hidden_loot, nicolae_lab_flowing_pool

Skill      XL: |  1  2  3  4  5  6  7  8  9 10 11 12 13 14 15 16 |
---------------+-------------------------------------------------+-----
Polearms       | 5 6 7 9 11 13 14 15 16 18 19 | 19.5
Stealth        | 3 4 5 6 |  6.9
Fighting       | 4 5 6 7 9 10 11 12 13 | 13.5
Dodging        | 5 6 7 8 9 11 12 13 14 16 17 | 17.4
Shields        | 1 2 3 4 5 6 7 8 |  8.2
Invocations    | 3 5 7 9 10 11 12 | 12.0
Armour         | 1 2 4 5 6 |  6.1
Slings         | |  0.8
Evocations     | |  0.2

Action                   |  1- 3 |  4- 6 |  7- 9 | 10-12 | 13-15 | 16-18 || total
-------------------------+-------+-------+-------+-------+-------+-------++-------
Melee: Spear             |    96 |   222 |   576 |   999 |  1703 |   189 ||  3785
       Headbutt          |     7 |    32 |   102 |   241 |   326 |    29 ||   737
       Bite              |     1 |    19 |    60 |   121 |   178 |    13 ||   392
       Tailslap          |       |     3 |       |       |    50 |    15 ||    68
       Halberd           |       |       |       |       |    16 |       ||    16
 Fire: Hunting sling     |       |       |       |       |     7 |    15 ||    22
Invok: Divine Shield     |       |       |       |     5 |     4 |       ||     9
       Cleansing Flame   |       |       |       |     1 |       |     1 ||     2
       Brand Weapon With |       |       |       |     1 |       |       ||     1
Evoke: Wand              |       |       |       |     1 |       |       ||     1
       Rod               |       |       |       |       |     4 |       ||     4
       Lamp of fire      |       |       |       |       |       |     1 ||     1
  Use: Scroll            |     4 |     8 |     4 |    12 |    12 |     3 ||    43
       Potion            |     2 |       |     6 |     2 |     1 |       ||    11
 Stab: Sleeping          |     4 |     3 |     2 |     9 |     1 |       ||    19
       Petrified         |       |       |       |       |     1 |       ||     1
       Distracted        |       |       |       |       |     2 |       ||     2
  Eat: Chunk             |     3 |     8 |    13 |    29 |    33 |     4 ||    90
       Royal jelly       |       |       |       |     1 |       |       ||     1
Armor: Robe              |    14 |     7 |    15 |     1 |       |       ||    37
       Leather armour    |       |       |       |    19 |    37 |    17 ||    73
       Ring mail         |       |       |       |    27 |    51 |       ||    78
       Skin              |       |       |       |     6 |       |       ||     6
Dodge: Dodged            |    71 |    75 |   207 |   382 |   674 |   143 ||  1552
Block: Buckler           |       |    12 |    57 |   122 |   239 |    29 ||   459
